 Dungeon Crawl Stone Soup version 0.17.0-28-g6e173f8 (webtiles) character file.

14 Oca the Firebug (level 2, 0/20 HPs)
             Began as a Draconian Fire Elementalist on Dec 3, 2015.
             Slain by a hobgoblin (4 damage)
             ... on level 2 of the Dungeon.
             The game lasted 00:05:19 (905 turns).

Oca the Firebug (Draconian Fire Elementalist)        Turns: 905, Time: 00:05:19

Health: 0/20       AC:  4    Str: 10    XL:     2   Next: 31%
Magic:  0/5        EV: 12    Int: 15    God:
Gold:   37         SH:  0    Dex: 11    Spells: 2 memorised, 2 levels left

rFire  . . .     SeeInvis .     h - +0 dagger
rCold  . . .     Clarity  .     (armour unavailable)
rNeg   . . .     SustAt   .     (no shield)
rPois  .         Gourm    .     (helmet restricted)
rElec  .         Spirit   .     (no cloak)
rCorr  .         Warding  .     (no gloves)
rMut   .         Stasis   .     (no boots)
MR     .....                    (no amulet)
Stlth  ++........               (no ring)
                                (no ring)

@: lethally poisoned (0 -> -13), not resistant to hostile enchantments,
unstealthy
A: unfitting armour, cold-blooded, AC +4
a: no special abilities


You were on level 2 of the Dungeon.
You were hungry.

You visited 1 branch of the dungeon, and saw 2 of its levels.

You collected 37 gold pieces.

Inventory:

Hand Weapons
 f - a +0 club
 h - a +0 dagger (weapon)
Armour
 k - a +0 leather armour
Scrolls
 c - a scroll of random uselessness {unknown}
 g - 2 scrolls of remove curse {unknown}
 i - a scroll of identify {unknown}
 j - 2 scrolls of enchant weapon {unknown}
Potions
 e - a potion of mutation {unknown}
 l - a potion of resistance {unknown}
Books
 a - a book of Flames

   Spells                             Type                      Level
   a - Flame Tongue                   Conjuration/Fire             1
   b - Throw Flame                    Conjuration/Fire             2
   c - Conjure Flame                  Conjuration/Fire             3
   d - Inner Flame                    Hexes/Fire                   3
   e - Sticky Flame                   Conjuration/Fire             4
   f - Fireball                       Conjuration/Fire             5
Comestibles
 b - 2 bread rations
 d - 2 beef jerkies


   Skills:
 + Level 2.0 Dodging
 + Level 1.8 Stealth
 + Level 2.3 Spellcasting
 + Level 1.0 Conjurations
 + Level 3.3 Fire Magic


You had 2 spell levels left.
You knew the following spells:

 Your Spells              Type           Power        Failure   Level  Hunger
a - Flame Tongue          Conj/Fire      #....        12%         1    #......
b - Throw Flame           Conj/Fire      #.....       14%         2    ###....


Dungeon Overview and Level Annotations

Branches:
Dungeon (2/15)

Altars:


Innate Abilities, Weirdness & Mutations

Your plain brown scales are hard (AC +4).
Your body does not fit into most forms of armour.
You are cold-blooded and may be slowed by cold attacks.


Message History

Aiming: Flame Tongue
Press: ? - help, Shift-Dir - straight line, f/p - hobgoblin
Aim: a hobgoblin (severely wounded)
The flame tongue misses the hobgoblin.
The adder bites you. The adder barely misses you.
You barely miss the adder. The adder bites you.
The hobgoblin closely misses you.
You hit the adder but do no damage. The adder bites you.
You are poisoned.
The adder poisons you! The hobgoblin hits you. The adder closely misses you.
You closely miss the adder.
You feel sick. The hobgoblin barely misses you. The adder bites you.
You miss the adder. The hobgoblin barely misses you. The adder bites you.
* * * LOW HITPOINT WARNING * * *
You are more poisoned.
The adder poisons you! The worm bites you but does no damage.
You miss the adder.
* * * LOW HITPOINT WARNING * * *
You feel sick. The adder bites you but does no damage. The hobgoblin hits you.
You die...

..
#########.## #
...........##.
.............
...........#
...........#
...........#
.......wg..#
.......S@..#
...........#
...........#
...........#
...........#
############


You could see a worm, an adder and a hobgoblin.

Vanquished Creatures
  A giant gecko (D:1)
  A giant cockroach (D:1)
  2 goblins (D:1)
  3 hobgoblins (D:1)
  A kobold (D:1)
  A giant newt (D:1)
  3 rats (D:1)
  4 toadstools (D:1)
16 creatures vanquished.

Vanquished Creatures (others)
  A toadstool (D:1)
1 creature vanquished.

Grand Total: 17 creatures vanquished

Notes
Turn   | Place    | Note
--------------------------------------------------------------
     0 | D:1      | Oca the Draconian Fire Elementalist began the quest for the Orb.
     0 | D:1      | Reached XP level 1. HP: 14/14 MP: 3/3
   604 | D:1      | Reached XP level 2. HP: 18/20 MP: 1/5
   608 | D:1      | Learned a level 2 spell: Throw Flame
   895 | D:1      | You fall through a shaft!
   905 | D:2      | Slain by a hobgoblin

Action                   || total
-------------------------++-------
Melee: Unarmed           ||    32
       Dagger            ||    21
 Cast: Flame Tongue      ||    10
       Throw Flame       ||     8
